 Dungeon Crawl Stone Soup version 0.20.0-1-g1cb1d84 (webtiles) character file.

646 Gorglomux the Skirmisher (level 7, -14/91 HPs)
             Began as a Minotaur Warper on May 26, 2017.
             Killed from afar by Ijyb (18 damage)
             ... with a wand of acid (?/15)
             ... on level 4 of the Dungeon.
             The game lasted 00:02:37 (2514 turns).

Gorglomux the Skirmisher (Minotaur Warper)          Turns: 2514, Time: 00:02:38

Health: -14/91     AC:  8    Str: 21    XL:     7   Next: 27%
Magic:  8/8        EV: 13    Int: 15    God:
Gold:   174        SH:  0    Dex: 16    Spells: 8/8 levels left

rFire    . . .     SeeInvis .   a - +0 hand axe
rCold    . . .     Gourm    .   (no shield)
rNeg     . . .     Faith    .   L - +0 plate armour
rPois    .         Spirit   .   (helmet restricted)
rElec    .         Reflect  .   (no cloak)
rCorr    .         Harm     .   (no gloves)
MR       .....                  (no boots)
Stlth    ..........             (no amulet)
Regen    0.3/turn               K - ring of loudness
MPRegen  0.2/turn               (no ring)

@: brilliant, agile, berserking, corroded, flying, very quick
A: retaliatory headbutt, horns 2
a: no special abilities


You were on level 4 of the Dungeon.
You were not hungry.

You visited 1 branch of the dungeon, and saw 6 of its levels.

You collected 174 gold pieces.

Inventory:

Hand Weapons
 a - a +0 hand axe (weapon)
Missiles
 e - 5 tomahawks of dispersal (quivered)
Armour
 b - a +0 leather armour
 L - a +0 plate armour (worn)
Jewellery
 K - a ring of loudness (left hand)
 U - an uncursed ring of see invisible {unknown}
Wands
 Z - a wand of flame (0/48)
Scrolls
 B - 2 scrolls of blinking
 D - 4 scrolls of remove curse
 E - a scroll of magic mapping {unknown}
 G - 2 scrolls of fog {unknown}
 H - 2 scrolls of amnesia {unknown}
 O - a scroll of recharging {unknown}
 S - a scroll of fear {unknown}
 T - a scroll of teleportation {unknown}
 W - 2 scrolls of identify {unknown}
 X - a scroll of enchant weapon {unknown}
 Y - a scroll of enchant armour {unknown}
Potions
 I - a potion of agility
 N - 2 potions of brilliance
 P - a potion of berserk rage
 Q - 2 potions of curing
Books
 c - a book of Spatial Translocations

   Spells                             Type                      Level
   a - Blink                          Translocation                2
   b - Shroud of Golubria             Charms/Translocation         2
   c - Lesser Beckoning               Translocation                3
   d - Gell's Gravitas                Translocation                3
   e - Teleport Other                 Translocation                3
   f - Passage of Golubria            Translocation                4
Comestibles
 f - a bread ration
 z - a meat ration
 C - 2 fruits
 R - 2 royal jellies
 V - a chunk of flesh


   Skills:
 + Level 5.6 Fighting
 + Level 5.1 Axes
 - Level 1.0 Throwing
 + Level 4.7 Armour
 + Level 4.6 Dodging
 - Level 1.3 Spellcasting
   Level 2.1 Translocations


You had 8 spell levels left.
You didn't know any spells.

Dungeon Overview and Level Annotations

Branches:
Dungeon (6/15)
 Temple: D:4-7

Altars:
Elyvilon
Hepliaklqana
Xom
Zin
The Shining One

Shops:
D:5 %

Annotations:
D:4 Ijyb


Innate Abilities, Weirdness & Mutations

You reflexively headbutt those who attack you in melee.
You have a pair of horns on your head.


Message History

Ijyb hits you but does no damage.
Unknown command.
It was a potion of brilliance.
You feel clever all of a sudden.
Ijyb zaps a wand.
The bolt of acid hits you!
* * * LOW HITPOINT WARNING * * *
You are splashed with acid!
The acid burns!
* * * LOW HITPOINT WARNING * * *
It was a potion of flight.
You feel very buoyant.
You fly up into the air.
Ijyb barely misses you.
It was a potion of berserk rage.
A red film seems to cover your vision as you go berserk!
You feel yourself moving faster!
You feel mighty! Ijyb hits you but does no damage.
Unknown command.
You hit Ijyb. You headbutt Ijyb!
Ijyb is almost dead.
Ijyb zaps a wand.
The bolt of acid hits you!
You die...

#. #.#
#..................
#.####.#
######.####.#######
#..(5#r#
#####.####.#####
#.#.<..#r#
#..............#
#...5@...#
#.###.###.#.##.#
#....<§r.#
#.###)##.###.#.#
?..#.......#
#....)#.## ##..# #.
##....###
#.######.###.# .
#....# #@# #..#.##
#..........g.#
#.#.##
###...######.#
#.### #..## .?. ..#
#.# #### #.# #.#
#.#


You could see Ijyb.

Vanquished Creatures
  Eustachio (D:4)
  A centaur (D:5)
  A bullfrog (D:6)
  Dowan (D:6)
  A scorpion (D:5)
  A howler monkey (D:6)
  A crimson imp (D:6)
  An orc priest (D:5)
  A hound zombie (D:5)
  4 gnolls (D:6)
  6 adders
  2 worms (D:2)
  2 leopard geckos (D:4)
  6 orcs
  2 giant cockroaches
  5 hobgoblins
  5 bats
  5 frilled lizards
  8 goblins
  6 kobolds
  6 rats
66 creatures vanquished.

Notes
Turn   | Place    | Note
-------+----------+-------------------------------------------
     0 | D:1      | Gorglomux the Minotaur Warper began the quest for the Orb.
     0 | D:1      | Reached XP level 1. HP: 18/18 MP: 1/1
   145 | D:1      | Reached XP level 2. HP: 22/25 MP: 3/3
   574 | D:2      | Reached skill level 3 in Fighting
   574 | D:2      | Reached skill level 3 in Axes
   588 | D:2      | Reached XP level 3. HP: 31/31 MP: 4/4
   796 | D:2      | Found a shimmering altar of Xom.
   797 | D:2      | Noticed an angel
   798 | D:2      | Found a glowing silver altar of Zin.
  1041 | D:2      | Found a glowing golden altar of the Shining One.
  1175 | D:3      | Found a white marble altar of Elyvilon.
  1221 | D:3      | You fall through a shaft for 2 floors!
  1221 | D:5      | Entered Level 5 of the Dungeon
  1242 | D:5      | Reached skill level 3 in Dodging
  1242 | D:5      | Reached XP level 4. HP: 38/40 MP: 5/5
  1244 | D:5      | Noticed a centaur
  1264 | D:5      | Killed a centaur
  1264 | D:5      | Reached XP level 5. HP: 18/46 MP: 6/6
  1403 | D:5      | Reached skill level 3 in Armour
  1413 | D:5      | Found a hazy altar of Hepliaklqana.
  1512 | D:5      | Noticed a phantom
  1530 | D:5      | Found Daug's Food Shop.
  1912 | D:6      | Reached XP level 6. HP: 32/53 MP: 7/7
  1994 | D:6      | Noticed Dowan
  2008 | D:6      | Killed Dowan
  2223 | D:4      | Noticed Eustachio
  2225 | D:4      | Reached XP level 7. HP: 44/61 MP: 8/8
  2303 | D:4      | Killed Eustachio
  2504 | D:4      | Noticed Ijyb
  2511 | D:4      | HP: 2/61 [acid (11)]
  2514 | D:4      | Killed from afar by Ijyb

Skill      XL: |  1  2  3  4  5  6  7 |
---------------+----------------------+-----
Fighting       | 3 4 5 |  5.6
Axes           | 3 4 5 |  5.1
Armour         | 2 3 4 |  4.7
Dodging        | 3 4 |  4.6
Throwing       | |  1.0
Spellcasting   | |  1.3
Translocations | |  2.1

Action                   |  1- 3 |  4- 6 |  7- 9 || total
-------------------------+-------+-------+-------++-------
Melee: Hand axe          |   105 |   140 |    22 ||   267
       Headbutt          |    16 |    19 |     8 ||    43
Evoke: Wand              |       |       |     6 ||     6
  Use: Scroll            |     1 |       |       ||     1
       Potion            |       |       |     5 ||     5
  Eat: Chunk             |     1 |     4 |     1 ||     6
Armor: Leather armour    |    20 |       |       ||    20
       Plate armour      |    33 |    94 |    39 ||   166
Dodge: Dodged            |    50 |    40 |    22 ||   112
